 Dungeon Crawl Stone Soup version 0.21.1-1-g345015fe64 (webtiles) character file.

132 Norrik the Slasher (level 4, -4/41 HPs)
             Began as a Minotaur Monk on Apr 26, 2018.
             Killed from afar by Sigmund (10 damage)
             ... with a magic dart
             ... on level 2 of the Dungeon.
             The game lasted 00:01:18 (1078 turns).

Norrik the Slasher (Minotaur Monk)                  Turns: 1078, Time: 00:01:18

Health: -4/41      AC:  6    Str: 16    XL:     4   Next: 92%
Magic:  3/3        EV: 11    Int:  7    God:
Gold:   91         SH:  0    Dex: 13    Spells: 3/3 levels left

rFire    . . .     SeeInvis .   a - +0 falchion
rCold    . . .     Gourm    .   (no shield)
rNeg     . . .     Faith    .   j - +0 scale mail (curse)
rPois    .         Spirit   .   (helmet restricted)
rElec    .         Reflect  .   (no cloak)
rCorr    .         Harm     .   (no gloves)
MR       .....                  (no boots)
Stlth    ..........             (no amulet)
HPRegen  0.13/turn              (no ring)
MPRegen  0.08/turn              (no ring)

@: confused
A: retaliatory headbutt, horns 2
a: no special abilities


You were on level 2 of the Dungeon.
You were hungry.

You visited 1 branch of the dungeon, and saw 2 of its levels.

You collected 91 gold pieces.

Inventory:

Hand Weapons
 a - a +0 falchion (weapon)
Armour
 b - a +0 robe
 j - a cursed +0 scale mail (worn)
Jewellery
 e - an uncursed ring of protection from magic {unknown}
 k - an uncursed ring of protection from fire {unknown}
Wands
 l - a wand of paralysis (12)
Scrolls
 f - a scroll of immolation {unknown}
 h - a scroll of remove curse {unknown}
 i - a scroll of magic mapping {unknown}
Potions
 d - a potion of curing {unknown}
 g - a potion of cancellation {unknown}
 m - a potion of magic {unknown}
Comestibles
 c - 2 rations


   Skills:
 + Level 4.6 Fighting
 * Level 5.5 Long Blades
 + Level 2.5 Armour
 - Level 3.2 Dodging
 - Level 1.5 Stealth


You had 3 spell levels left.
You didn't know any spells.

Dungeon Overview and Level Annotations

Branches:
Dungeon (2/15)

Altars:

Annotations:
D:2 Sigmund


Innate Abilities, Weirdness & Mutations

You reflexively headbutt those who attack you in melee.
You have a pair of horns on your head.


Message History

Something hits you. Something hits you!
* * * LOW HITPOINT WARNING * * *
You hit something.
You hear some strange, mumbled words.
You are confused.
You bump into the rock wall.
You hear some strange, mumbled words.
A puff of flame appears from out of thin air!
The puff of flame hits you!
* * * LOW HITPOINT WARNING * * *
You hear some strange, mumbled words.
You are more confused.
You bump into the rock wall.
You hear some strange, mumbled words.
Something tries to affect you, but you resist.
You bump into the rock wall.
A magic dart appears from out of thin air!
The magic dart hits you!
You die...

..............## #.#
########...###.###.#
##### ##.#.# ##.#
#.# #.#######
#.....>.. #.######.
##@...# #..##{###..#
.# #........... .
##.# # #.#######+##
.. .(.# .# #.#
.##..##.# #.#
.......# #.# .....
.#.# #).# #.#.#


There were no monsters in sight!

Vanquished Creatures
  Natasha (twice) (D:2)
  2 oozes
  3 worms (D:2)
  A dart slug (D:1)
  2 leopard geckos (D:1)
  2 ball pythons (D:1)
  5 giant cockroaches
  7 hobgoblins
  4 jackals (D:2)
  9 bats
  6 frilled lizards
  9 goblins
  6 kobolds
  3 rats (D:1)
61 creatures vanquished.

Notes
Turn   | Place    | Note
-------+----------+-------------------------------------------
     0 | D:1      | Norrik the Minotaur Monk began the quest for the Orb.
     0 | D:1      | Reached XP level 1. HP: 19/19 MP: 0/0
    62 | D:1      | Reached skill level 4 in Long Blades
    62 | D:1      | Reached XP level 2. HP: 26/27 MP: 1/1
    67 | D:1      | Reached skill level 1 in Armour
   274 | D:1      | Reached XP level 3. HP: 33/33 MP: 2/2
   706 | D:2      | Reached XP level 4. HP: 38/40 MP: 3/3
   708 | D:2      | Noticed Natasha
   720 | D:2      | Killed Natasha
   720 | D:2      | Reached skill level 5 in Long Blades
   947 | D:2      | Noticed Natasha
   954 | D:2      | Killed Natasha
  1050 | D:2      | Noticed Sigmund
  1078 | D:2      | Killed from afar by Sigmund

Skill      XL: |  1  2  3  4 |
---------------+-------------+-----
Long Blades    | 4 5 |  5.5
Armour         | 1 2 |  2.5
Fighting       | 4 |  4.6
Dodging        | |  3.2
Stealth        | |  1.5

Action                   |  1- 3 |  4- 6 || total
-------------------------+-------+-------++-------
Melee: Falchion          |    90 |    39 ||   129
       Headbutt          |    16 |     9 ||    25
 Stab: Sleeping          |     5 |       ||     5
Armor: Robe              |    11 |       ||    11
       Scale mail        |    13 |    13 ||    26
Dodge: Dodged            |    49 |    22 ||    71
       Rpst.: Falchion   |    13 |    12 ||    25
